 Dungeon Crawl Stone Soup version 0.27.0-1-g7a089689b8 (webtiles) character file.

Game seed: 6100340040555361782

196 rogsnak the Magician (level 5, 0/32 (37) HPs)
             Began as a Gnoll Hedge Wizard on Aug 2, 2021.
             Was a Believer of Makhleb.
             Slain by a wight (3 damage)
             ... on level 4 of the Dungeon.
             The game lasted 00:10:43 (5203 turns).

rogsnak the Magician (Gnoll Hedge Wizard)           Turns: 5203, Time: 00:10:44

HP:   0/32 (37)     AC:  4    Str: 14    XL:     5   Next: 75%
MP:   22/23         EV: 13    Int: 14    God:    Makhleb [**....]
Gold: 249           SH:  0    Dex: 11    Spells: 12/18 levels left

rFire    . . .     SeeInvis .   A - +7 falchion "Biufot" {vorpal, rCorr Str+4}
rCold    . . .     Faith    .   (no shield)
rNeg     . . .     Spirit   .   b - +0 robe
rPois    .         Reflect  .   u - +1 hat
rElec    .         Harm     .   q - +0 cloak
rCorr    +         Rampage  .   (no gloves)
Will     .....                  (no boots)
Stlth    ++........             (no amulet)
HPRegen  0.10/turn              y - ring of magical power
MPRegen  0.18/turn              (no ring)

@: heavily drained
A: fangs 1, strong nose, distributed training
a: Renounce Religion, Minor Destruction


You were on level 4 of the Dungeon.
You worshipped Makhleb.
Makhleb was pleased with you.
You visited 1 branch of the dungeon, and saw 5 of its levels.

You collected 249 gold pieces.

Inventory:

Hand Weapons
 a - a +0 dagger
 g - a +0 dagger
 k - a +0 short sword
 p - a +0 flail
 t - a +0 long sword
 v - a +2 short sword of venom
 A - the +7 falchion "Biufot" (weapon) {vorpal, rCorr Str+4}
   (You found it on level 4 of the Dungeon)

   It inflicts extra damage upon your enemies.
   Str:       It affects your strength (+4).
   rCorr:     It protects you from acid and corrosion.
Missiles
 d - 117 stones
 f - 23 poisoned darts
 n - 48 sling bullets
Armour
 b - a +0 robe (worn)
 c - a +0 hat
 j - a +2 ring mail of poison resistance
 q - a +0 cloak (worn)
 u - a +1 hat (worn)
Jewellery
 y - a ring of magical power (left hand)
Scrolls
 e - 2 scrolls of enchant armour {unknown}
 l - a scroll of immolation {unknown}
 m - a scroll of magic mapping {unknown}
 o - 3 scrolls of identify {unknown}
 r - a scroll of vulnerability {unknown}
 s - a scroll of teleportation {unknown}
 w - a scroll of enchant weapon {unknown}
 x - 2 scrolls of blinking {unknown}
Potions
 h - 2 potions of curing {unknown}
 i - a potion of lignification {unknown}
 z - a potion of heal wounds {unknown}
 B - a potion of haste {unknown}


   Skills:
 + Level 1.6 Fighting
 + Level 1.6 Short Blades
 + Level 1.6 Long Blades
 + Level 1.6 Axes
 + Level 1.6 Maces & Flails
 + Level 1.6 Polearms
 + Level 1.6 Staves
 + Level 1.6 Slings
 + Level 1.6 Bows
 + Level 1.6 Crossbows
 + Level 1.6 Throwing
 + Level 1.6 Armour
 + Level 4.8 Dodging
 + Level 4.4 Stealth
 + Level 1.6 Shields
 + Level 1.6 Unarmed Combat
 + Level 7.3 Spellcasting
 + Level 2.4 Conjurations
 + Level 1.3 Hexes
 + Level 2.4 Summonings
 + Level 1.3 Necromancy
 + Level 2.4 Translocations
 + Level 1.3 Transmutations
 + Level 1.3 Fire Magic
 + Level 1.3 Ice Magic
 + Level 1.3 Air Magic
 + Level 1.3 Earth Magic
 + Level 1.3 Poison Magic
 + Level 1.8 Invocations
 + Level 1.6 Evocations


You had 12 spell levels left.
You knew the following spells:

 Your Spells              Type           Power      Damage    Failure   Level
a - Magic Dart            Conj           48%        1d5       4%          1
b - Blink                 Tloc           N/A        N/A       8%          2
c - Mephitic Cloud        Conj/Pois/Air  9%         N/A       21%         3

Your spell library contained the following spells:

 Spells                   Type           Power      Damage    Failure   Level
 Call Imp                 Summ           12%        N/A       8%          2
 Slow                     Hex            8%         N/A       12%         2
 Conjure Flame            Conj/Fire      10%        6-21      19%         3


Dungeon Overview and Level Annotations

Branches:
Dungeon (5/15)
 Temple: D:4-7

Altars:
Makhleb


Innate Abilities, Weirdness & Mutations

You have very sharp teeth.
Your uncanny sense of smell can sniff out nearby items.
Your experience applies equally to all skills.


Message History

The wight is lightly damaged.
A wight comes into view. It is wielding a +3 short sword.
Casting: Magic Dart (safe; 4% risk of failure)
Confirm with . or Enter, or press ? or * to list all spells.
Aiming: Magic Dart (safe; 4% risk of failure)
Press: ? - help, Shift-Dir - straight line, f/p - wight
Aim: a wight, wielding a +3 long sword and wearing a +0 robe (lightly damaged, 100% to hit)
The magic dart hits the wight but does no damage.
The wight is lightly damaged.
A wight comes into view. It is wielding a +0 halberd.
Casting: Magic Dart (safe; 4% risk of failure)
Confirm with . or Enter, or press ? or * to list all spells.
Aiming: Magic Dart (safe; 4% risk of failure)
Press: ? - help, Shift-Dir - straight line, f/p - wight
Aim: a wight, wielding a +3 long sword and wearing a +0 robe (lightly damaged, 100% to hit)
The magic dart hits the wight.
The wight is lightly damaged.
There is a stone staircase leading up here.
The wight hits you with a +3 long sword.
You feel drained.
You climb upwards.
There is a stone staircase leading down here.
You barely miss the wight. You bite the wight, but do no damage.
The wight is lightly damaged.
The wight hits you with a +3 long sword.
You feel drained.
You hit the wight. You bite the wight.
The wight is severely damaged.
The wight completely misses you.
The wight hits you with a +3 long sword!
You feel drained.
You closely miss the wight. You bite the wight.
The wight is severely damaged.
The wight hits you with a +3 long sword!
You hit the wight.
The wight is almost destroyed.
The wight hits you with a +3 long sword!
* * * LOW HITPOINT WARNING * * *
You feel drained.
You die...

.######### #.#
#.#.......##..# .# #.#
#......##.##... .#
##.#####.##.......##
.# ##...##
#.##.##.#### ##
#.....# #.......#
#.....# ##.....##
#.....# #.....#
##...## #.....# #..@#
#.....# #.z.# #.....#
##.## #######
####.########
#...........#
#.##.#..###.#######
#.##.#..###.......#
#.##.....##.####..####
#.####...##.##........


You could see a wight.

Vanquished Creatures
  6 gnolls
  3 adders
  7 dart slugs
  8 ball pythons
  7 bats
  6 endoplasms
  6 giant cockroaches
  4 hobgoblins (D:1)
  8 jackals
  7 kobolds
  2 quokkas
  4 frilled lizards
  6 goblins
  23 rats
97 creatures vanquished.

Notes
Turn   | Place    | Note
-------+----------+-------------------------------------------
     0 | D:1      | rogsnak the Gnoll Hedge Wizard began the quest for the Orb.
     0 | D:1      | Reached XP level 1. HP: 13/13 MP: 8/8
   124 | D:1      | Reached XP level 2. HP: 19/19 MP: 6/10
   295 | D:1      | Learned a level 2 spell: Blink
   567 | D:1      | Reached XP level 3. HP: 25/25 MP: 7/11
   925 | D:1      | Reached skill level 1 in Invocations
  1469 | D:1      | Reached skill level 1 in Fighting
  1469 | D:1      | Reached skill level 1 in Short Blades
  1469 | D:1      | Reached skill level 1 in Long Blades
  1469 | D:1      | Reached skill level 1 in Axes
  1469 | D:1      | Reached skill level 1 in Maces & Flails
  1469 | D:1      | Reached skill level 1 in Polearms
  1469 | D:1      | Reached skill level 1 in Staves
  1469 | D:1      | Reached skill level 1 in Slings
  1469 | D:1      | Reached skill level 1 in Bows
  1469 | D:1      | Reached skill level 1 in Crossbows
  1469 | D:1      | Reached skill level 1 in Throwing
  1469 | D:1      | Reached skill level 1 in Armour
  1469 | D:1      | Reached skill level 1 in Shields
  1469 | D:1      | Reached skill level 1 in Unarmed Combat
  1469 | D:1      | Reached skill level 1 in Evocations
  1761 | D:1      | Reached XP level 4. HP: 9/32 MP: 3/13
  2029 | D:1      | Learned a level 3 spell: Mephitic Cloud
  2673 | D:2      | Reached skill level 1 in Hexes
  2673 | D:2      | Reached skill level 1 in Necromancy
  2673 | D:2      | Reached skill level 1 in Transmutations
  2673 | D:2      | Reached skill level 1 in Fire Magic
  2673 | D:2      | Reached skill level 1 in Ice Magic
  2673 | D:2      | Reached skill level 1 in Air Magic
  2673 | D:2      | Reached skill level 1 in Earth Magic
  2673 | D:2      | Reached skill level 1 in Poison Magic
  2799 | D:2      | Reached XP level 5. HP: 31/37 MP: 1/14
  3304 | D:2      | You fall into a shaft and drop 1 floor!
  3802 | D:3      | Found a faded altar of an unknown god.
  3808 | D:3      | Became a worshipper of Makhleb the Destroyer
  3808 | D:3      | Reached * piety under Makhleb
  4756 | D:4      | Identified the +7 falchion "Biufot" {vorpal, rCorr Str+4}
  5001 | D:4      | Reached ** piety under Makhleb
  5178 | D:5      | Entered Level 5 of the Dungeon
  5203 | D:4      | Slain by a wight

Illustrated notes

Levels and vault maps discovered:
D:1:      dpeg_arrival_signposts, layout_loops_cross, corexii_leaking_fountain
D:2:      layout_loops_ring
D:3:      layout_basic, ebering_ecumenical_altar_rust
D:4:      layout_loops_cross, minmay_rat_hole
D:5:      layout_cave_pools

Skill      XL: |  1  2  3  4 |
---------------+-------------+-----
Conjurations   | 2 |  2.4
Summonings     | 2 |  2.4
Translocations | 2 |  2.4
Invocations    | 1 |  1.8
Fighting       | 1 |  1.6
Short Blades   | 1 |  1.6
Long Blades    | 1 |  1.6
Axes           | 1 |  1.6
Maces & Flails | 1 |  1.6
Polearms       | 1 |  1.6
Staves         | 1 |  1.6
Slings         | 1 |  1.6
Bows           | 1 |  1.6
Crossbows      | 1 |  1.6
Throwing       | 1 |  1.6
Armour         | 1 |  1.6
Shields        | 1 |  1.6
Unarmed Combat | 1 |  1.6
Evocations     | 1 |  1.6
Hexes          | 1 |  1.3
Necromancy     | 1 |  1.3
Transmutations | 1 |  1.3
Fire Magic     | 1 |  1.3
Ice Magic      | 1 |  1.3
Air Magic      | 1 |  1.3
Earth Magic    | 1 |  1.3
Poison Magic   | 1 |  1.3
Dodging        | |  4.8
Stealth        | |  4.4
Spellcasting   | |  7.3

Action                   |  1- 3 |  4- 6 || total
-------------------------+-------+-------++-------
Melee: Dagger            |     1 |       ||     1
       Short sword       |     7 |    23 ||    30
       Bite              |       |     5 ||     5
       Falchion          |       |    24 ||    24
 Cast: Magic Dart        |    90 |   114 ||   204
       Blink             |     5 |     2 ||     7
       Mephitic Cloud    |       |     5 ||     5
 Stab: Sleeping          |     4 |     1 ||     5
Armor: Robe              |       |    12 ||    12
Dodge: Dodged            |    10 |    46 ||    56
       Rpst.: Falchion   |       |     7 ||     7
       Long sword        |       |     1 ||     1
